 Dungeon Crawl Stone Soup version 0.20.1-1-g8b1a95d (webtiles) character file.

242 letownia2 the Grave Robber (level 5, -5/42 HPs)
             Began as a Deep Dwarf Necromancer on Dec 16, 2017.
             Killed by divine providence
             ... invoked by an orc priest
              (8 damage)
             ... on level 4 of the Dungeon.
             The game lasted 00:03:06 (1204 turns).

letownia2 the Grave Robber (Deep Dwarf Necromancer) Turns: 1204, Time: 00:03:08

Health: -5/42      AC:  5    Str: 11    XL:     5   Next: 81%
Magic:  9/9        EV: 11    Int: 17    God:
Gold:   80         SH:  0    Dex: 13    Spells: 5/9 levels left

rFire    . . .     SeeInvis .   a - +1 scythe (slice)
rCold    . . .     Gourm    .   (shield currently unavailable)
rNeg     . . .     Faith    .   f - +0 ring mail (curse)
rPois    .         Spirit   .   (no helmet)
rElec    .         Reflect  .   (no cloak)
rCorr    .         Harm     .   (no gloves)
MR       +....                  (no boots)
Stlth    +.........             (no amulet)
Regen    0.0/turn               q - ring of protection from magic
MPRegen  0.2/turn               (no ring)

@: non-regenerating
A: damage resistance, heal wounds, sense surroundings 1, no regeneration
a: Heal Wounds


You were on level 4 of the Dungeon.
You were not hungry.

You visited 1 branch of the dungeon, and saw 4 of its levels.

You collected 80 gold pieces.

Inventory:

Hand Weapons
 a - a +1 scythe of slicing (weapon)
Missiles
 s - 20 bolts
Armour
 f - a cursed +0 ring mail (worn)
 l - a +0 robe
Jewellery
 q - a ring of protection from magic (left hand)
Wands
 t - a wand of digging (12/24)
Scrolls
 g - a scroll of identify {unknown}
 j - a scroll of amnesia {unknown}
 o - a scroll of remove curse {unknown}
 p - 3 scrolls of enchant armour {unknown}
Potions
 e - 4 potions of might {unknown}
 h - a potion of curing {unknown}
 i - a potion of brilliance {unknown}
 k - a potion of degeneration {unknown}
 m - a potion of haste {unknown}
Books
 b - a book of Necromancy

   Spells                             Type                      Level
   a - Pain                           Necromancy                   1
   b - Animate Skeleton               Necromancy                   1
   c - Vampiric Draining              Necromancy                   3
   d - Regeneration                   Charms/Necromancy            3
   e - Animate Dead                   Necromancy                   4
   f - Control Undead                 Necromancy                   4
Comestibles
 c - 2 bread rations
 d - a meat ration
 n - a royal jelly
 r - 3 chunks of flesh


   Skills:
 - Level 2.1 Dodging
 - Level 2.4 Stealth
 + Level 2.8 Spellcasting
 - Level 7.2 Necromancy


You had 5 spell levels left.
You knew the following spells:

 Your Spells              Type           Power        Failure   Level  Hunger
a - Pain                  Necr           ####         2%          1    #......
v - Vampiric Draining     Necr           ####......   7%          3    ###....


Dungeon Overview and Level Annotations

Branches:
Dungeon (4/15)
 Temple: D:4-7

Altars:
Qazlal


Innate Abilities, Weirdness & Mutations

You are resistant to damage.
You can heal yourself by infusing magical energy.
You passively map a small area around you.
You do not regenerate.


Message History

Aim: an orc, wielding a short sword You reach to attack!
You closely miss the orc. The orc hits you with a short sword.
Attack whom?
Press: ? - help, Dir - move target cursor, f/p - orc
Aim: an orc, wielding a short sword You slash the orc!
You kill the orc!
The orc priest barely misses you.
Attack whom?
Press: ? - help, Dir - move target cursor, f - orc priest
Aim: an orc priest, wearing a leather armour You slash the orc priest!
The orc priest is severely wounded.
The orc priest invokes the aid of Beogh against you.
Beogh smites you!
* * * LOW HITPOINT WARNING * * *
The orc priest invokes the aid of Beogh against you.
Beogh smites you!
You die...

#........##.##.# , , , ,
######'####.##.### , ** ,
#######.##........ , , ,
,........##.#.##.#* +####
, ........'.......# ....#
,
........##.#.##.####.....#
####....##+#.##o..o'.....#
, #....#....##o####.....#
#....#....##@# ....# * ,
......#...รท...# * ####*
....####....#### ....
#....# ** #....# , #....#
, , , * , #....# , , , ,
####.# , , #.# *


You could see 2 orc priests.

Vanquished Creatures
  Sigmund (D:2)
  Natasha (D:2)
  A worker ant (D:4)
  An adder (D:2)
  An orc (D:4)
  5 bats (D:2)
  A giant cockroach (D:2)
  4 goblins
  4 hobgoblins (D:2)
  A kobold (D:2)
  A quokka (D:2)
  4 frilled lizards
  4 rats
29 creatures vanquished.

Notes
Turn   | Place    | Note
-------+----------+-------------------------------------------
     0 | D:1      | letownia2 the Deep Dwarf Necromancer began the quest for the Orb.
     0 | D:1      | Reached XP level 1. HP: 15/15 MP: 3/3
   345 | D:2      | Reached XP level 2. HP: 20/22 MP: 3/5
   544 | D:2      | Reached skill level 5 in Necromancy
   584 | D:2      | Reached XP level 3. HP: 24/28 MP: 2/6
   589 | D:2      | Learned a level 3 spell: Vampiric Draining
   595 | D:2      | Noticed Sigmund
   651 | D:2      | Killed Sigmund
   651 | D:2      | Reached skill level 7 in Necromancy
   651 | D:2      | Reached XP level 4. HP: 26/36 MP: 1/7
   651 | D:2      | Reached XP level 5. HP: 31/42 MP: 1/8
   761 | D:2      | Noticed Natasha
   771 | D:2      | Killed Natasha
   956 | D:3      | Found a stormy altar of Qazlal.
  1204 | D:4      | Killed from afar by an orc priest

Skill      XL: |  1  2  3 |
---------------+----------+-----
Spellcasting   | 2 |  2.8
Necromancy     | 5 7 |  7.2
Dodging        | |  2.1
Stealth        | |  2.4

Action                   |  1- 3 |  4- 6 || total
-------------------------+-------+-------++-------
Melee: Unarmed           |     8 |       ||     8
       Scythe            |       |    13 ||    13
 Cast: Pain              |    36 |     6 ||    42
       Vampiric Draining |       |     4 ||     4
 Stab: Sleeping          |       |     1 ||     1
  Eat: Chunk             |       |     2 ||     2
Armor: Ring mail         |     8 |    15 ||    23
Dodge: Dodged            |    19 |    25 ||    44
